 Dungeon Crawl Stone Soup version 0.18-a0-1109-gfc003ac (webtiles) character file.

386 xgamer67 the Sneak (level 6, -2/58 HPs)
             Began as an Octopode Wanderer on Jan 16, 2016.
             Was a Believer of Yredelemnul.
             Slain by a sky beast (5 damage)
             ... on level 5 of the Dungeon.
             The game lasted 00:13:12 (5308 turns).

xgamer67 the Sneak (Octopode Wanderer)              Turns: 5308, Time: 00:13:13

Health: -2/58      AC: 23    Str: 10    XL:     6   Next: 78%
Magic:  10/10      EV:  2    Int: 16    God:    Yredelemnul [**....]
Gold:   124        SH:  6    Dex: 13    Spells: 2 memorised, 7 levels left

rFire  . . .     SeeInvis .     d - +1 dagger
rCold  . . .     Gourm    .     l - +1 buckler
rNeg   + + +     Faith    .     (helmet currently unavailable)
rPois  +         Spirit   .     u - amulet of rage
rElec  .         Dismiss  .     (no ring)
rCorr  .         Reflect  .     (no ring)
SustAt .         Harm     .     (no ring)
MR     .....     NoTele   +     (no ring)
Stlth  ++++......               (no ring)
                                (no ring)
                                (no ring)
                                (no ring)

@: tree-form, not resistant to hostile enchantments, stealthy
A: almost no armour, amphibious, 8 rings, (constrict 8), (camouflage 0),
(gelatinous body 0)
a: Animate Remains, Recall Undead Slaves, Injury Mirror, Renounce Religion,
Evoke Berserk Rage


You were on level 5 of the Dungeon.
You worshipped Yredelemnul.
Yredelemnul was pleased with you.
You were hungry.
You were a tree.
You visited 1 branch of the dungeon, and saw 5 of its levels.

You collected 124 gold pieces.

Inventory:

Hand Weapons
 d - a +1 dagger (weapon)
Missiles
 c - 5 tomahawks (quivered)
 E - 3 needles of confusion
 J - 15 poisoned needles
 L - 7 exploding tomahawks
Armour
 l - a +1 buckler (worn)
Jewellery
 u - an amulet of rage (around neck)
Wands
 B - a wand of random effects (44/48)
 I - a wand of lightning (1/15)
Scrolls
 g - a scroll of amnesia {unknown}
 h - a scroll of enchant weapon
 i - a scroll of blinking {unknown}
 j - 2 scrolls of enchant armour
 n - a scroll of fog
 o - a scroll of identify {unknown}
 p - 2 scrolls of teleportation
 q - a scroll of recharging {unknown}
 s - a scroll of noise
 v - 2 scrolls of remove curse {unknown}
 y - a scroll of immolation {unknown}
 K - a scroll of random uselessness {unknown}
Potions
 e - a potion of heal wounds {unknown}
 k - a potion of mutation {unknown}
 m - a potion of brilliance
 r - 2 potions of resistance
 C - a potion of invisibility {unknown}
 D - a potion of might {unknown}
 F - a potion of haste {unknown}
 N - a potion of agility {unknown}
Books
 w - a book of Callings

   Spells                             Type                      Level
   a - Summon Small Mammal            Summoning                    1
   b - Call Imp                       Summoning                    2
   c - Call Canine Familiar           Summoning                    3
   d - Summon Guardian Golem          Hexes/Summoning              3
   e - Summon Lightning Spire         Summoning/Air                4
   f - Summon Ice Beast               Ice/Summoning                4
 A - a book of Death

   Spells                             Type                      Level
   a - Corpse Rot                     Necromancy                   2
   b - Sublimation of Blood           Necromancy                   2
   c - Agony                          Necromancy                   5
   d - Dispel Undead                  Necromancy                   5
   e - Excruciating Wounds            Charms/Necromancy            5
   f - Bolt of Draining               Conjuration/Necromancy       5
Miscellaneous
 a - a box of beasts {used: 2}
 x - a plain deck of summoning
Comestibles
 f - 2 meat rations
 t - 2 beef jerkies
 z - a fruit
 G - a bread ration
 H - a slice of pizza
 M - a chunk of flesh


   Skills:
 - Level 2.0 Fighting
   Level 1.0 Staves
 - Level 1.0 Throwing
 + Level 3.6 Dodging
 - Level 4.1 Stealth
 - Level 4.0 Shields
 - Level 3.0 Spellcasting
   Level 1.0 Summonings
   Level 1.0 Ice Magic
 - Level 1.1 Evocations


You had 7 spell levels left.
You knew the following spells:

 Your Spells              Type           Power        Failure   Level  Hunger
a - Infusion              Chrm           #...         21%         1    #......
b - Spectral Weapon       Hex/Chrm       #.......     65%         3    ###....


Dungeon Overview and Level Annotations

Branches:
Dungeon (5/15)
 Temple: D:4-7

Altars:
Ashenzari
Ru
Yredelemnul

Annotations:
D:4 Pikel


Innate Abilities, Weirdness & Mutations

You cannot wear most types of armour.
You are amphibious.
You can wear up to eight rings at the same time.
((You can use your tentacles to constrict eight enemies at once.))
((Your skin changes colour to match your surroundings (Stealth).))
((Your rubbery body absorbs attacks (AC +1).))


Message History

You barely miss the sky beast.
The sky beast is heavily wounded.
The sky beast hits you but does no damage.
You barely miss the sky beast.
The sky beast is heavily wounded.
You block the sky beast's attack.
You barely miss the sky beast.
The sky beast is heavily wounded.
The sky beast hits you but does no damage.
You completely miss the sky beast.
The sky beast is heavily wounded.
The sky beast hits you but does no damage.
You are feeling hungry.
You closely miss the sky beast.
The sky beast is heavily wounded.
The sky beast hits you.
* * * LOW HITPOINT WARNING * * *
The sky beast shocks you.
You die...
Your body rises from the dead as a mindless zombie.

... #.# ..
#.## ..
#... #Y
#.o####
#..#oo#..#
#.#..#..#
#...o#)Y#
#...#♣[#
####...##)#
#....Yo...#
#.#########
#


You could see a sky beast.

Vanquished Creatures
  An orc priest (D:3)
  4 orc wizards
  Natasha (D:4)
  Robin (D:3)
  6 adders
  An ooze (D:2)
  An adder zombie (D:5)
  A worm (D:2)
  3 giant geckos
  11 orcs
  A ball python (D:4)
  4 giant cockroaches
  17 goblins
  10 hobgoblins
  4 jackals (D:2)
  2 quokkas
  3 bats
  3 giant newts
  8 kobolds
  10 rats
92 creatures vanquished.

Vanquished Creatures (collateral kills)
  An ogre (D:4)
  A giant cockroach (D:4)
2 creatures vanquished.

Grand Total: 94 creatures vanquished

Notes
Turn   | Place    | Note
--------------------------------------------------------------
     0 | D:1      | xgamer67 the Octopode Wanderer began the quest for the Orb.
     0 | D:1      | xgamer67 set off with: a box of beasts, a potion of lignification, the Grimoire of Enhancements, a +0 dagger, a bread ration
     0 | D:1      | Reached XP level 1. HP: 11/11 MP: 4/4
     0 | D:1      | Identified the Grimoire of Enhancements
     2 | D:1      | Learned a level 1 spell: Infusion
   250 | D:1      | Reached skill level 1 in Fighting
   266 | D:1      | Reached XP level 2. HP: 18/18 MP: 6/6
  1065 | D:2      | Found a basalt altar of Yredelemnul.
  1080 | D:2      | Became a worshipper of Yredelemnul the Dark
  1153 | D:2      | Reached XP level 3. HP: 17/24 MP: 7/7
  1955 | D:2      | Reached skill level 1 in Shields
  2239 | D:2      | Reached XP level 4. HP: 20/29 MP: 8/8
  2511 | D:2      | Found a sacrificial altar of Ru.
  2533 | D:2      | Found a shattered altar of Ashenzari.
  2989 | D:3      | Learned a level 3 spell: Spectral Weapon
  3294 | D:3      | Reached * piety under Yredelemnul
  3634 | D:3      | Noticed Robin
  3686 | D:3      | Reached XP level 5. HP: 15/34 MP: 9/9
  4006 | D:3      | Killed Robin
  4097 | D:3      | Reached skill level 4 in Shields
  4373 | D:3      | Reached ** piety under Yredelemnul
  4435 | D:3      | Reached XP level 6. HP: 25/39 MP: 10/10
  4706 | D:4      | Noticed Natasha
  4717 | D:4      | Killed Natasha
  5098 | D:4      | Noticed Pikel
  5098 | D:4      | Noticed a slave
  5098 | D:4      | Noticed a slave
  5099 | D:4      | Noticed a slave
  5172 | D:5      | Entered Level 5 of the Dungeon
  5179 | D:5      | Noticed a sky beast
  5308 | D:5      | Slain by a sky beast

Vault maps used:
D:1:      dpeg_arrival_fog, minmay_misc_feat_hallway
D:2:      yredelemnul_altar_generic, grunt_temple_overflow_open,
          amalloy_card_club
D:3:      first_bread, uniq_robin
D:4:      uniq_pikel, uniq_natasha
D:5:      overflow_temple_1_default, serial_shops, shop, st_stairs_11

Action                   |  1- 3 |  4- 6 || total
-------------------------+-------+-------++-------
Melee: Dagger            |    81 |   185 ||   266
 Cast: Infusion          |     1 |     3 ||     4
Evoke: Box of beasts     |       |     2 ||     2
  Use: Scroll            |     3 |     2 ||     5
       Potion            |     1 |     2 ||     3
 Stab: Sleeping          |     9 |    11 ||    20
       Distracted        |     1 |     2 ||     3
  Eat: Chunk             |     2 |     7 ||     9
       Bread ration      |     1 |       ||     1
